 Dungeon Sprint DCSS version 0.28-a0-941-g140ffa10cf (webtiles) character file.

Game seed: 3132479951064533836

2480 Turgor the Severer (level 9, -1/90 HPs)
             Began as a Minotaur Berserker on Nov 29, 2021.
             Was a High Priest of Trog.
             Slain by a polar bear (3 damage)
             ... in the Dungeon (Sprint II: "The Violet Keep of Menkaure").
             The game lasted 00:09:54 (623 turns).

Turgor the Severer (Minotaur Berserker)              Turns: 623, Time: 00:09:55

Health: -1/90      AC:  9    Str: 29    XL:     9   Next: 27%
Magic:  8/8        EV: 14    Int:  4    God:    Trog [*****.]
Gold:   263        SH:  0    Dex: 10    Spells: 8/8 levels left

rFire   + + .      SeeInvis .   a - +0 hand axe
rCold   . . .      Faith    .   (no shield)
rNeg    + . .      Spirit   .   k - +0 ring mail {rN+}
rPois   .          Reflect  .   (helmet restricted)
rElec   .          Harm     .   (no cloak)
rCorr   .          Rampage  .   j - +1 pair of gloves
Will    .....      NoTele   +   g - +0 pair of boots of Defence {rF+ rC- Slay+2}
Stlth   ..........              (no amulet)
HPRegen 0.25/turn               i - ring of the Turtle {rF+ rC+ Will- Str+4}
MPRegen 0.11/turn               (no ring)

@: on berserk cooldown, slowed, very slow
A: horns 2, retaliatory headbutt, deformed body, screaming 1
a: Renounce Religion, Berserk, Trog's Hand, Brothers in Arms


You were in the Dungeon.
You worshipped Trog.
Trog was extremely pleased with you.
You visited 1 branch You collected 972 gold pieces.
You spent 709 gold pieces at shops.

Inventory:

Hand Weapons
 a - a +0 hand axe (weapon)
Armour
 g - the +0 pair of boots of Defence (worn) {rF+ rC- Slay+2}
   (You bought it in a shop in the Dungeon)

   Slay:      It affects your accuracy & damage with ranged weapons and melee
   (+2).
   rF:        It protects you from fire.
   rC:        It makes you vulnerable to cold.
 j - a +1 pair of gloves (worn)
 k - a +0 ring mail of positive energy (worn)
Jewellery
 i - the ring of the Turtle (left hand) {rF+ rC+ Will- Str+4}
   (You bought it in a shop in the Dungeon)

   [ring of protection from fire]

   Str:       It affects your strength (+4).
   rF:        It protects you from fire.
   rC:        It protects you from cold.
   Will:      It decreases your willpower.
Scrolls
 h - a scroll of blinking
Potions
 c - a potion of curing
 d - a potion of heal wounds
 e - a potion of haste
 f - 2 potions of magic


   Skills:
 + Level 12.0 Fighting
 * Level 16.2 Axes
 + Level 11.7 Armour
 + Level 10.8 Dodging


You had 8 spell levels left.
You didn't know any spells.
Your spell library was empty.

Dungeon Overview and Level Annotations

Branches:
Dungeon (1/1)

Altars:
Cheibriados
Dithmenos
Elyvilon
Fedhas
Gozag
Hepliaklqana
Kikubaaqudgha
Makhleb
Nemelex Xobeh
Okawaru
Qazlal
Ru
Sif Muna
Trog
Uskayaw
Vehumet
Wu Jian
Xom
Yredelemnul
Zin
The Shining One
Beogh
Jiyva
Lugonu

Shops:
D !!:[=*[[*=[?([:

Annotations:
D exclusion: oklob plant, Roxanne


Innate Abilities, Weirdness & Mutations

You have a pair of horns on your head.
You reflexively headbutt those who attack you in melee.
Armour fits poorly on your strangely shaped body.
You occasionally shout uncontrollably at your foes.


Message History

The polar bear bites you!
The polar bear claws you but does no damage. x2
Unknown command.
You hit the polar bear but do no damage.
You headbutt the polar bear.
The polar bear is severely wounded.
You hit the polar bear but do no damage.
The polar bear is severely wounded.
The polar bear bites you but does no damage.
The polar bear closely misses you.
The polar bear claws you but does no damage.
You slash the polar bear!
You headbutt the polar bear, but do no damage.
The polar bear is almost dead.
The polar bear goes berserk!
You barely miss the polar bear.
The polar bear is almost dead.
The polar bear barely misses you. You furiously retaliate!
You headbutt the polar bear! The polar bear claws you. x2
The polar bear bites you!! The polar bear closely misses you.
The polar bear claws you but does no damage.
Unknown command.
You closely miss the polar bear.
The polar bear is almost dead.
Your skin stops crawling.
You feel less strong-willed. The polar bear bites you.
* * * LOW HITPOINT WARNING * * *
The polar bear misses you.
The polar bear claws you but does no damage.
You hit the polar bear but do no damage.
The polar bear is almost dead.
The polar bear bites you!!
* * * LOW HITPOINT WARNING * * *
The polar bear claws you.
* * * LOW HITPOINT WARNING * * *
The polar bear barely misses you.
You hit the polar bear but do no damage.
The polar bear is almost dead.
The polar bear bites you.
You die... ##.#....# ...# #.####..## #..# .# ?[$ †###.##..# +..# .# $?$ .###..#..# #..# .# ?!((

<.†.##+..### ..##.#▓(!(!
.###..#....###...##▓▓▓▓▓
'###.##......§§≈≈≈≈≈≈≈≈≈
..####§≈.....≈#h########
##.#≈≈≈≈≈≈≈.§≈#†@_.....#
#.##≈≈≈§≈≈≈≈.≈#._._....#
+##≈≈≈≈≈≈≈≈§≈≈#_._._...#
≈≈≈≈≈≈≈≈§≈≈≈#._._._..#
++#≈≈§≈≈≈≈§≈#_._._._.#
##≈≈§###§≈#._._._._#
#≈≈#_._._._.#
#§§#..._._._#


You could see a polar bear (berserk).

Vanquished Creatures
  A yaktaur (D)
  2 polar bears (D)
  A hornet (D)
  2 wyverns (D)
  Menkaure (D)
  4 neqoxecs (D)
  A water moccasin (D)
  4 necrophages (D)
  4 scorpions (D)
20 creatures vanquished.

Notes
Turn   | Place    | Note
-------+----------+-------------------------------------------
     0 | D        | Turgor the Minotaur Berserker began the quest for the Orb.
     0 | D        | Reached XP level 1. HP: 19/19 MP: 0/0
     1 | D        | Noticed a neqoxec
     1 | D        | Noticed a neqoxec
     1 | D        | Noticed a neqoxec
     1 | D        | Noticed a neqoxec
     5 | D        | Killed a neqoxec
     6 | D        | Reached skill level 8 in Axes
     6 | D        | Reached skill level 5 in Armour
     6 | D        | Reached skill level 5 in Dodging
     6 | D        | Reached XP level 2. HP: 23/30 MP: 1/1
     6 | D        | Reached XP level 3. HP: 28/37 MP: 2/2
     6 | D        | Reached XP level 4. HP: 34/44 MP: 3/3
     8 | D        | Gained mutation: Your body sometimes deteriorates upon
                  | taking damage. [a neqoxec]
    10 | D        | Gained mutation: Armour fits poorly on your strangely
                  | shaped body. [a neqoxec]
    13 | D        | Killed a neqoxec
    13 | D        | Reached ** piety under Trog
    14 | D        | Reached skill level 10 in Axes
    14 | D        | Reached XP level 5. HP: 20/52 MP: 4/4
    19 | D        | Killed a neqoxec
    19 | D        | Gained mutation: You have hidden genetic defects. [a
                  | neqoxec]
    20 | D        | Reached skill level 11 in Axes
    20 | D        | Reached XP level 6. HP: 23/62 MP: 5/5
    20 | D        | Killed a neqoxec
    21 | D        | Reached XP level 7. HP: 26/69 MP: 6/6
    26 | D        | Gained mutation: Your spells are a little easier to cast,
                  | but a little less powerful. [hidden defects]
   263 | D        | Reached skill level 12 in Axes
   268 | D        | Reached *** piety under Trog
   279 | D        | Gained mutation: You do not regenerate when monsters are
                  | visible. [hidden defects]
   279 | D        | Lost mutation: You have hidden genetic defects. [hidden
                  | defects expressed]
   393 | D        | Noticed a wyvern
   393 | D        | Noticed a wyvern
   396 | D        | Killed a wyvern
   397 | D        | Reached skill level 13 in Axes
   398 | D        | Killed a wyvern
   399 | D        | Reached skill level 10 in Fighting
   399 | D        | Reached XP level 8. HP: 79/79 MP: 7/7
   442 | D        | Reached **** piety under Trog
   443 | D        | Reached skill level 14 in Axes
   443 | D        | Reached skill level 10 in Armour
   460 | D        | Found Vogew's Jewellery Emporium.
   460 | D        | Found Cots's Magic Scroll Emporium.
   460 | D        | Found Ahoan's Antique Weapon Emporium.
   460 | D        | Found Ikanavix's Assorted Antiques.
   460 | D        | Found Liatotow's Antique Armour Shoppe.
   461 | D        | Found Afeo's Antique Armour Shoppe.
   461 | D        | Found Pitenoj's Book Emporium.
   461 | D        | Found Uhaxemixt's Armour Shoppe.
   462 | D        | Found Vuzxabuw's Antique Armour Shoppe.
   462 | D        | Found Megh's General Store.
   464 | D        | Found Qoyni's Jewellery Emporium.
   464 | D        | Found Xeavoi's Armour Shoppe.
   464 | D        | Noticed Menkaure
   464 | D        | Noticed an oklob plant
   465 | D        | Found Nestry's Distillery.
   465 | D        | Found Duty's Distillery.
   465 | D        | Found Hycw's Book Shoppe.
   465 | D        | Noticed a shining eye
   465 | D        | Noticed a shining eye
   465 | D        | Noticed a shining eye
   479 | D        | Killed Menkaure
   491 | D        | Bought a potion of mutation for 112 gold pieces
   491 | D        | Lost mutation: Your body sometimes deteriorates upon taking
                  | damage. [potion of mutation]
   491 | D        | Lost mutation: Your spells are a little easier to cast, but
                  | a little less powerful. [potion of mutation]
   491 | D        | Lost mutation: You do not regenerate when monsters are
                  | visible. [potion of mutation]
   491 | D        | Gained mutation: You occasionally shout uncontrollably at
                  | your foes. [potion of mutation]
   497 | D        | Bought a pair of slimy boots for 180 gold pieces
   497 | D        | Identified the +0 pair of boots of Defence {rF+ rC- Slay+2}
                  | (You bought it in a shop in the Dungeon)
   503 | D        | Bought a warped bronze ring for 100 gold pieces
   503 | D        | Identified the ring of the Turtle {rF+ rC+ Will- Str+4}
                  | (You bought it in a shop in the Dungeon)
   535 | D        | Bought a pair of glowing gloves for 142 gold pieces
   541 | D        | Bought a runed ring mail for 175 gold pieces
   565 | D        | Noticed Roxanne
   575 | D        | Found a stormy altar of Qazlal.
   576 | D        | Found a hazy altar of Hepliaklqana.
   576 | D        | Found a sacrificial altar of Ru.
   576 | D        | Found an ornate altar of the Wu Jian Council.
   577 | D        | Found a viscous altar of Jiyva.
   577 | D        | Found a shimmering blue altar of Sif Muna.
   577 | D        | Found a shimmering altar of Xom.
   578 | D        | Found a snail-covered altar of Cheibriados.
   578 | D        | Found an ancient bone altar of Kikubaaqudgha.
   578 | D        | Found a bloodstained altar of Trog.
   579 | D        | Found a shadowy altar of Dithmenos.
   579 | D        | Found a corrupted altar of Lugonu.
   580 | D        | Found a white marble altar of Elyvilon.
   580 | D        | Found a burning altar of Makhleb.
   581 | D        | Found a blossoming altar of Fedhas.
   583 | D        | Found an opulent altar of Gozag.
   583 | D        | Found a glowing golden altar of the Shining One.
   583 | D        | Found a basalt altar of Yredelemnul.
   583 | D        | Found a hide-covered altar of Uskayaw.
   583 | D        | Found a sparkling altar of Nemelex Xobeh.
   583 | D        | Noticed a hornet
   583 | D        | Noticed a polar bear
   583 | D        | Noticed a polar bear
   583 | D        | Noticed a polar bear
   584 | D        | Noticed a yaktaur
   585 | D        | Found a glowing silver altar of Zin.
   585 | D        | Found a radiant altar of Vehumet.
   585 | D        | Found an iron altar of Okawaru.
   598 | D        | Killed a polar bear
   599 | D        | Reached skill level 15 in Axes
   599 | D        | Reached skill level 10 in Dodging
   600 | D        | Killed a yaktaur
   600 | D        | Reached ***** piety under Trog
   601 | D        | Reached XP level 9. HP: 89/89 MP: 8/8
   603 | D        | Paralysed by a hornet for 3 turns
   610 | D        | Reached skill level 16 in Axes
   614 | D        | Killed a polar bear
   622 | D        | HP: 2/90 [polar bear (5)]
   623 | D        | Slain by a polar bear

Illustrated notes

Levels and vault maps discovered:
D:        the_violet_keep_of_menkaure [sprint2_stairs_cluster_1,
          sprint2_shoproom, sprint2_temple, sprint2_basic_supplies,
          sprint2_obstacle_4, sprint2_obstacle_1, sprint2_obstacle_6,
          sprint2_obstacle_2, sprint2_obstacle_7, sprint2_timed_cluster_1,
          sprint2_smallroom_cluster_1, sprint2_smallroom_final_cluster_1,
          sprint2_transparent_cluster_1, sprint2_second_timed_cluster_1,
          sprint2_sniper_area_1, sprint2_heavy_combat_area_1,
          sprint2_mutation_trap_area_1, sprint2_forest_area_1,
          sprint2_light_combat_area_1, sprint2_behind_water_1,
          sprint2_near_end_vault_1]

Skill      XL: |  1  2  3  4  5  6  7  8  9 |
---------------+----------------------------+-----
Fighting       | 6 7 8 10 11 12 | 12.0
Axes           | 8 10 11 13 15 16 | 16.2
Armour         | 5 6 7 8 9 11 | 11.7
Dodging        | 5 6 7 9 10 | 10.8

Action                   |  1- 3 |  4- 6 |  7- 9 || total
-------------------------+-------+-------+-------++-------
Melee: Hand axe          |     3 |    14 |    75 ||    92
       Headbutt          |     1 |       |    21 ||    22
Invok: Berserk           |       |       |     4 ||     4
       Trog's Hand       |       |       |     4 ||     4
  Use: Potion            |     1 |       |     1 ||     2
Armor: Ring mail         |       |       |    24 ||    24
Dodge: Dodged            |     1 |     5 |    35 ||    41

Table legend: (Time is in decaauts)
 A = Elapsed time spent in this place.
 B = Non-inter-level travel time spent in this place.
 C = Inter-level travel time spent in this place.
 D = Time resting spent in this place.
 E = Time spent auto-exploring this place.
 F = Levels seen in this place.
 G = Mean time per level.
                   A        B        C        D        E       F      G
               +--------+--------+--------+--------+--------+-----+--------+
         Total |    633 |    633 |      0 |    375 |      0 |   1 |  633.0 |
       Dungeon |    633 |    633 |      0 |    375 |      0 |   1 |  633.0 |
               +--------+--------+--------+--------+--------+-----+--------+

Top non-repeatable levels by time:
       D: 633 daAuts
